| TOP OF THE 1ST |
|
Victoria Capitals batting - Pitching for Palm Beach Nationals : RHP Matt Crowley
|
|
Pitching: RHP Matt Crowley
|
|
|
Batting: RHB Mike Reynolds
|
0-0: Called Strike 0-1: Ball 1-1: Called Strike 1-2: Foul Ball, location: 2F 1-2: Ball 2-2: Strikes out swinging
|
|
Batting: RHB Antonio Arechiga
|
0-0: Fly out, F8 (Flyball, 8RD, EV 108.8 MPH)
|
|
Batting: RHB Caleb Dean
|
0-0: Ball 1-0: Ball 2-0: Foul Ball, location: 2F 2-1: Ball 3-1: Called Strike 3-2: SINGLE (Line Drive, 4MD, EV 99.4 MPH)
|
|
Batting: LHB Willard Balcome
|
0-0: Ball 1-0: Ground out 1-3 (Groundball, 13S, EV 63.8 MPH)
|
| Top of the 1st over - 0 runs, 1 hit, 0 errors, 1 left on base; Victoria 0 - Palm Beach 0 |
| BOTTOM OF THE 1ST |
|
Palm Beach Nationals batting - Pitching for Victoria Capitals : RHP Jon Lima
|
|
Pitching: RHP Jon Lima
|
|
|
Batting: LHB Ken Westfall
|
0-0: SOLO HOME RUN (Flyball, 89XD, EV 105.6 MPH), Distance : 418 ft
|
|
Batting: RHB Larry Myers
|
0-0: SINGLE (Groundball, 56D, EV 98.8 MPH)
|
|
Batting: LHB Dusty Jones
|
0-0: Ball 1-0: Swinging Strike 1-1: Ball 2-1: Fly out, F8 (Flyball, 8LD, EV 109.4 MPH)
|
|
Batting: LHB Mike Trentham
|
0-0: Called Strike 0-1: Called Strike 0-2: Ball 1-2: Fly out, F9 (Flyball, 89M, EV 91.9 MPH)
|
|
Batting: RHB Lou Ortman
|
0-0: Swinging Strike 0-1: Swinging Strike 0-2: Ball 1-2: Ball 2-2: Ball 3-2: Fly out, F8 (Flyball, 8RD, EV 95.6 MPH)
|
| Bottom of the 1st over - 1 run, 2 hits, 0 errors, 1 left on base; Victoria 0 - Palm Beach 1 |
| TOP OF THE 2ND |
|
Victoria Capitals batting - Pitching for Palm Beach Nationals : RHP Matt Crowley
|
|
Batting: SHB Rich Roberts
|
0-0: Called Strike 0-1: Foul Ball, location: 2F 0-2: Ball 1-2: Ball 2-2: Strikes out looking
|
|
Batting: RHB Ron Mack
|
0-0: Called Strike 0-1: Called Strike 0-2: Strikes out swinging
|
|
Batting: LHB Mike Jones
|
0-0: Ball 1-0: Ground out 5-3 (Groundball, 56, EV 85.0 MPH)
|
| Top of the 2nd over - 0 runs, 0 hits, 0 errors, 0 left on base; Victoria 0 - Palm Beach 1 |
| BOTTOM OF THE 2ND |
|
Palm Beach Nationals batting - Pitching for Victoria Capitals : RHP Jon Lima
|
|
Batting: RHB Mike Hayes
|
0-0: Called Strike 0-1: Fly out, F7 (Line Drive, 7S, EV 88.1 MPH)
|
|
Batting: RHB Tom Lyles
|
0-0: SINGLE (Groundball, 4M, EV 77.5 MPH) (infield hit)
|
|
Batting: RHB Vince Parris
|
0-0: Ball Tom Lyles steals 2nd base 1-0: Called Strike 1-1: Fly out, F8 (Flyball, 8LM, EV 86.9 MPH)
|
|
Batting: RHB Trent Spivey
|
0-0: 2-RUN HOME RUN (Flyball, 8LXD, EV 112.5 MPH), Distance : 449 ft
|
|
Batting: LHB Ken Westfall
|
0-0: Ball 1-0: Fly out, F8 (Flyball, 8RXD, EV 92.5 MPH)
|
| Bottom of the 2nd over - 2 runs, 2 hits, 0 errors, 0 left on base; Victoria 0 - Palm Beach 3 |
| TOP OF THE 3RD |
|
Victoria Capitals batting - Pitching for Palm Beach Nationals : RHP Matt Crowley
|
|
Batting: RHB Hyeon-cheong Lee
|
0-0: Fly out, F7 (Line Drive, 7, EV 93.1 MPH)
|
|
Batting: RHB Ray Wathey
|
0-0: SINGLE (Line Drive, 78S, EV 87.5 MPH)
|
|
Batting: RHB Mike Reynolds
|
0-0: Fly out, F4 (Popup, 34, EV 53.1 MPH)
|
|
Batting: RHB Antonio Arechiga
|
0-0: Ground out 2-3 (Groundball, 13S, EV 69.4 MPH)
|
| Top of the 3rd over - 0 runs, 1 hit, 0 errors, 1 left on base; Victoria 0 - Palm Beach 3 |
| BOTTOM OF THE 3RD |
|
Palm Beach Nationals batting - Pitching for Victoria Capitals : RHP Jon Lima
|
|
Batting: RHB Larry Myers
|
0-0: Ball 1-0: Fly out, F8 (Flyball, 8RD, EV 101.2 MPH)
|
|
Batting: LHB Dusty Jones
|
0-0: Ball 1-0: Fly out, F3 (Line Drive, 3, EV 71.2 MPH)
|
|
Batting: LHB Mike Trentham
|
0-0: Swinging Strike 0-1: Called Strike 0-2: Ball 1-2: Fly out, F6 (Popup, 6, EV 60.6 MPH)
|
| Bottom of the 3rd over - 0 runs, 0 hits, 0 errors, 0 left on base; Victoria 0 - Palm Beach 3 |
| TOP OF THE 4TH |
|
Victoria Capitals batting - Pitching for Palm Beach Nationals : RHP Matt Crowley
|
|
Batting: RHB Caleb Dean
|
0-0: Ball 1-0: Ball 2-0: Foul Ball, location: 2F 2-1: Foul Ball, location: 2F 2-2: Foul Ball, location: 2F 2-2: Ball 3-2: Foul Ball, location: 2F 3-2: Ground out 6-3 (Groundball, 6M, EV 85.0 MPH)
|
|
Batting: LHB Willard Balcome
|
0-0: Foul Ball, location: 2F 0-1: Ball 1-1: Ball 2-1: Called Strike 2-2: Ball 3-2: Foul Ball, location: 2F 3-2: SINGLE (Line Drive, 78S, EV 98.1 MPH)
|
|
Batting: SHB Rich Roberts
|
0-0: Called Strike 0-1: SINGLE (Line Drive, 78S, EV 105.0 MPH) Willard Balcome to second
|
|
Batting: RHB Ron Mack
|
0-0: Called Strike 0-1: Ball 1-1: Swinging Strike 1-2: Fly out, F3 (Popup, 3F, EV 68.8 MPH)
|
|
Batting: LHB Mike Jones
|
0-0: Called Strike 0-1: Ball Wild Pitch! Willard Balcome to third Rich Roberts to second 1-1: Foul Ball, location: 2F 1-2: Foul Ball, location: 2F 1-2: Ball 2-2: Ball Wild Pitch! Willard Balcome scores Rich Roberts to third 3-2: Fly out, F9 (Flyball, 89M, EV 76.2 MPH)
|
| Top of the 4th over - 1 run, 2 hits, 0 errors, 1 left on base; Victoria 1 - Palm Beach 3 |
| BOTTOM OF THE 4TH |
|
Palm Beach Nationals batting - Pitching for Victoria Capitals : RHP Jon Lima
|
|
Batting: RHB Lou Ortman
|
0-0: Called Strike 0-1: SOLO HOME RUN (Flyball, 7LD, EV 96.2 MPH), Distance : 386 ft
|
|
Batting: RHB Mike Hayes
|
0-0: Ball 1-0: Ball 2-0: Fly out, F9 (Flyball, 9, EV 85.6 MPH)
|
|
Batting: RHB Tom Lyles
|
0-0: Called Strike 0-1: Ball 1-1: Ball 2-1: SOLO HOME RUN (Flyball, 9D, EV 97.5 MPH), Distance : 379 ft
|
|
Batting: RHB Vince Parris
|
0-0: Ball 1-0: DOUBLE (Flyball, 89D, EV 95.0 MPH)
|
|
Batting: RHB Trent Spivey
|
0-0: Foul Ball, location: 2F 0-1: Swinging Strike 0-2: Strikes out swinging
|
|
Batting: LHB Ken Westfall
|
0-0: Ball 1-0: Ball 2-0: Ball 3-0: Called Strike 3-1: Called Strike 3-2: Strikes out swinging
|
| Bottom of the 4th over - 2 runs, 3 hits, 0 errors, 1 left on base; Victoria 1 - Palm Beach 5 |
| TOP OF THE 5TH |
|
Victoria Capitals batting - Pitching for Palm Beach Nationals : RHP Matt Crowley
|
|
Batting: RHB Hyeon-cheong Lee
|
0-0: Ball 1-0: Called Strike 1-1: Ground out 5-3 (Groundball, 56S, EV 81.2 MPH)
|
|
Batting: RHB Ray Wathey
|
0-0: Foul Ball, location: 2F 0-1: Swinging Strike 0-2: Ball 1-2: Ball 2-2: Strikes out swinging
|
|
Batting: RHB Mike Reynolds
|
0-0: Ball 1-0: Called Strike 1-1: Called Strike 1-2: Ball 2-2: Fly out, F8 (Flyball, 8LM, EV 95.0 MPH)
|
| Top of the 5th over - 0 runs, 0 hits, 0 errors, 0 left on base; Victoria 1 - Palm Beach 5 |
| BOTTOM OF THE 5TH |
|
Palm Beach Nationals batting - Pitching for Victoria Capitals : RHP Jon Lima
|
|
Batting: RHB Larry Myers
|
0-0: Ball 1-0: Foul Ball, location: 2F 1-1: Called Strike 1-2: Foul Ball, location: 2F 1-2: Ball 2-2: Ball 3-2: Base on Balls
|
|
Pitching: RHP Victor Ocampo
|
|
|
Batting: LHB Dusty Jones
|
0-0: Ball 1-0: Ball 2-0: Foul Ball, location: 2F 2-1: Foul Ball, location: 2F 2-2: Strikes out swinging
|
|
Batting: LHB Mike Trentham
|
0-0: Fly out, F9 (Flyball, 9S, EV 90.0 MPH)
|
|
Batting: RHB Lou Ortman
|
0-0: Ball 1-0: Called Strike 1-1: Swinging Strike 1-2: Foul Ball, location: 2F 1-2: Foul Ball, location: 2F 1-2: SINGLE (Line Drive, 78S, EV 97.5 MPH) Larry Myers to second
|
|
Batting: RHB Mike Hayes
|
0-0: Called Strike 0-1: Foul Ball, location: 2F 0-2: Fielders Choice at 2nd, 6-4 (Groundball, 6, EV 83.8 MPH)
|
| Bottom of the 5th over - 0 runs, 1 hit, 0 errors, 2 left on base; Victoria 1 - Palm Beach 5 |
| TOP OF THE 6TH |
|
Victoria Capitals batting - Pitching for Palm Beach Nationals : RHP Matt Crowley
|
|
Batting: RHB Antonio Arechiga
|
0-0: Ball 1-0: Ball 2-0: Called Strike 2-1: Ball 3-1: Base on Balls
|
|
Batting: RHB Caleb Dean
|
0-0: Foul Ball, location: 2F 0-1: Foul Ball, location: 2F 0-2: Ball Antonio Arechiga steals 2nd base (no throw) 1-2: Foul Ball, location: 2F 1-2: Fly out, F3 (Popup, 23F, EV 88.1 MPH)
|
|
Batting: LHB Willard Balcome
|
0-0: Called Strike 0-1: Ball 1-1: Ball 2-1: Foul Ball, location: 2F 2-2: Foul Ball, location: 2F 2-2: SINGLE (Line Drive, 9S, EV 103.1 MPH) Antonio Arechiga to third Runner from 3rd tries for Home, SAFE, throw by RF to home
|
|
Batting: SHB Rich Roberts
|
0-0: Fly out, F9 (Flyball, 9, EV 83.8 MPH)
|
|
Batting: RHB Ron Mack
|
0-0: Ball 1-0: Called Strike 1-1: Foul Ball, location: 2F 1-2: Ball 2-2: SINGLE (Groundball, 56S, EV 70.6 MPH) (infield hit) Willard Balcome to second
|
|
Batting: LHB Mike Jones
|
0-0: Ball 1-0: Called Strike 1-1: SINGLE (Line Drive, 78S, EV 99.4 MPH) Willard Balcome to third Ron Mack to second
|
|
Batting: RHB Hyeon-cheong Lee
|
0-0: Ball 1-0: GRAND SLAM HOME RUN (Flyball, 78XD, EV 112.5 MPH), Distance : 462 ft
|
|
Batting: RHB Ray Wathey
|
0-0: Called Strike 0-1: Ball 1-1: Ball 2-1: Foul Ball, location: 2F 2-2: Strikes out swinging
|
| Top of the 6th over - 5 runs, 4 hits, 0 errors, 0 left on base; Victoria 6 - Palm Beach 5 |
| BOTTOM OF THE 6TH |
|
Palm Beach Nationals batting - Pitching for Victoria Capitals : RHP Victor Ocampo
|
|
Batting: RHB Tom Lyles
|
0-0: Foul Ball, location: 2F 0-1: Fly out, F8 (Flyball, 8LXD, EV 75.6 MPH)
|
|
Batting: RHB Vince Parris
|
0-0: Ball 1-0: Called Strike 1-1: Ball 2-1: Fly out, F8 (Flyball, 78M, EV 81.9 MPH)
|
|
Batting: RHB Trent Spivey
|
0-0: Ball 1-0: Foul Ball, location: 2F 1-1: Swinging Strike 1-2: Foul Ball, location: 2F 1-2: Ball 2-2: Strikes out swinging
|
| Bottom of the 6th over - 0 runs, 0 hits, 0 errors, 0 left on base; Victoria 6 - Palm Beach 5 |
| TOP OF THE 7TH |
|
Victoria Capitals batting - Pitching for Palm Beach Nationals : RHP Matt Crowley
|
|
Batting: RHB Mike Reynolds
|
0-0: Ground out 2-3 (Groundball, 2R, EV 62.5 MPH)
|
|
Pitching: RHP Steve Mesa
|
|
|
Batting: RHB Antonio Arechiga
|
0-0: Ball 1-0: Called Strike 1-1: SINGLE (Groundball, 56D, EV 105.6 MPH)
|
|
Batting: RHB Caleb Dean
|
0-0: Foul Ball, location: 2F 0-1: Ball Antonio Arechiga steals 2nd base 1-1: Ball 2-1: Ball 3-1: Base on Balls
|
|
Batting: LHB Willard Balcome
|
0-0: Swinging Strike 0-1: Ball 1-1: Foul Ball, location: 2F 1-2: Strikes out looking
|
|
Batting: SHB Rich Roberts
|
0-0: Ball 1-0: Ball 2-0: Foul Ball, location: 2F 2-1: Fly out, F7 (Line Drive, 78M, EV 98.1 MPH)
|
| Top of the 7th over - 0 runs, 1 hit, 0 errors, 2 left on base; Victoria 6 - Palm Beach 5 |
| BOTTOM OF THE 7TH |
|
Palm Beach Nationals batting - Pitching for Victoria Capitals : RHP Victor Ocampo
|
|
Pitching: RHP Joey Mallandaine
|
|
|
Now at 1B: Kevin Harris
|
|
|
Batting: LHB Ken Westfall
|
0-0: Ball 1-0: Swinging Strike 1-1: Ball 2-1: Foul Ball, location: 2F 2-2: Ball 3-2: Base on Balls
|
|
Batting: RHB Larry Myers
|
0-0: Foul Ball, location: 2F 0-1: Ball Ken Westfall is caught stealing 2nd base 2-4 1-1: SINGLE (Line Drive, 34, EV 96.9 MPH)
|
|
Batting: LHB Dusty Jones
|
0-0: Called Strike 0-1: Swinging Strike 0-2: Strikes out swinging
|
|
Pinch Hitting: RHB Greg Bennett
|
0-0: Called Strike 0-1: Foul Ball, location: 2F 0-2: Strikes out swinging
|
| Bottom of the 7th over - 0 runs, 1 hit, 0 errors, 1 left on base; Victoria 6 - Palm Beach 5 |
| TOP OF THE 8TH |
|
Victoria Capitals batting - Pitching for Palm Beach Nationals : RHP Steve Mesa
|
|
Now in RF: Greg Bennett
|
|
|
Batting: RHB Roberto Medina
|
0-0: Ball 1-0: Foul Ball, location: 2F 1-1: Called Strike 1-2: Ball 2-2: Ball 3-2: Foul Ball, location: 2F 3-2: SINGLE (Line Drive, 34, EV 106.9 MPH)
|
|
Pitching: RHP Ben Lowe
|
|
|
Batting: LHB Mike Jones
|
0-0: Fly out, F8 (Flyball, 8LM, EV 95.6 MPH)
|
|
Batting: RHB Hyeon-cheong Lee
|
0-0: Ball 1-0: Foul Ball, location: 2F 1-1: Ball Roberto Medina is caught stealing 2nd base 2-4 2-1: Called Strike 2-2: SINGLE (Line Drive, 4M, EV 108.1 MPH)
|
|
Batting: RHB Ray Wathey
|
0-0: Foul Ball, location: 2F 0-1: Fly out, F3 (Popup, 3L, EV 76.2 MPH)
|
| Top of the 8th over - 0 runs, 2 hits, 0 errors, 1 left on base; Victoria 6 - Palm Beach 5 |
| BOTTOM OF THE 8TH |
|
Palm Beach Nationals batting - Pitching for Victoria Capitals : RHP Joey Mallandaine
|
|
Batting: RHB Lou Ortman
|
0-0: Ball 1-0: Foul Ball, location: 2F 1-1: Called Strike 1-2: Strikes out swinging
|
|
Batting: RHB Mike Hayes
|
0-0: Ball 1-0: Swinging Strike 1-1: Ground out 6-3 (Groundball, 6, EV 81.9 MPH)
|
|
Batting: RHB Tom Lyles
|
0-0: Called Strike 0-1: Called Strike 0-2: Strikes out swinging
|
| Bottom of the 8th over - 0 runs, 0 hits, 0 errors, 0 left on base; Victoria 6 - Palm Beach 5 |
| TOP OF THE 9TH |
|
Victoria Capitals batting - Pitching for Palm Beach Nationals : RHP Ben Lowe
|
|
Batting: RHB Mike Reynolds
|
0-0: Ball 1-0: Foul Ball, location: 2F 1-1: Foul Ball, location: 2F 1-2: Ball 2-2: Strikes out swinging
|
|
Batting: RHB Antonio Arechiga
|
0-0: Ball 1-0: Foul Ball, location: 2F 1-1: Ball 2-1: Called Strike 2-2: Fly out, F9 (Flyball, 9S, EV 88.1 MPH)
|
|
Pitching: RHP Coltyn Forte
|
|
|
Batting: RHB Caleb Dean
|
0-0: Called Strike 0-1: Foul Ball, location: 2F 0-2: Strikes out looking
|
| Top of the 9th over - 0 runs, 0 hits, 0 errors, 0 left on base; Victoria 6 - Palm Beach 5 |
| BOTTOM OF THE 9TH |
|
Palm Beach Nationals batting - Pitching for Victoria Capitals : RHP Joey Mallandaine
|
|
Batting: RHB Vince Parris
|
0-0: Ball 1-0: Ball 2-0: Fly out, F8 (Flyball, 78D, EV 88.8 MPH)
|
|
Batting: RHB Trent Spivey
|
0-0: Ground out 6-3 (Groundball, 6, EV 102.5 MPH)
|
|
Batting: LHB Ken Westfall
|
0-0: Fly out, F7 (Flyball, 78M, EV 83.8 MPH)
|
| Bottom of the 9th over - 0 runs, 0 hits, 0 errors, 0 left on base; Victoria 6 - Palm Beach 5 |
|